 Dungeon Crawl Stone Soup version 0.17.0-28-g6e173f8 (webtiles) character file.

186 PossumBlood the Archer (level 5, -1/41 HPs)
             Began as a Centaur Hunter on Dec 2, 2015.
             Slain by PossumBlood's ghost (2 damage)
             ... on level 3 of the Dungeon.
             The game lasted 00:07:52 (2524 turns).

PossumBlood the Archer (Centaur Hunter)             Turns: 2524, Time: 00:07:52

Health: -1/41      AC:  6    Str: 15    XL:     5   Next: 38%
Magic:  5/5        EV:  9    Int: 10    God:
Gold:   106        SH:  0    Dex: 10    Spells: 0 memorised, 4 levels left

rFire  . . .     SeeInvis .     a - +2 shortbow
rCold  . . .     Clarity  .     c - +0 leather armour
rNeg   . . .     SustAt   .     (shield currently unavailable)
rPois  .         Gourm    .     o - +0 helmet
rElec  .         Spirit   .     (no cloak)
rCorr  .         Warding  .     f - +0 pair of gloves
rMut   .         Stasis   .     (no barding)
MR     .....                    (no amulet)
Stlth  +.........               (no ring)
                                (no ring)

@: very quick, not resistant to hostile enchantments, very unstealthy
A: hooves 3, deformed body, speed 2, tough skin 3
a: no special abilities


You were on level 3 of the Dungeon.
You were not hungry.

You visited 1 branch of the dungeon, and saw 3 of its levels.
You also visited: Sewer.

You collected 106 gold pieces.

Inventory:

Hand Weapons
 a - a +2 shortbow (weapon)
 b - a +0 short sword
 j - a +0 dagger of flaming
Missiles
 n - 4 arrows of flame (quivered)
Armour
 c - a +0 leather armour (worn)
 f - a +0 pair of gloves (worn)
 o - a +0 helmet (worn)
 r - a cursed +0 pair of boots
Magical Staves
 w - an uncursed staff of death {unknown}
Wands
 t - a wand of confusion (18)
Scrolls
 i - 2 scrolls of identify
 p - a scroll of amnesia
 q - a scroll of recharging
 u - 3 scrolls of random uselessness {unknown}
 x - a scroll of fear {unknown}
Potions
 g - 2 potions of curing
 h - 2 potions of heal wounds
 k - a potion of mutation {unknown}
 l - a potion of might {unknown}
 m - a potion of poison {unknown}
Comestibles
 e - a bread ration
 s - a meat ration
 v - a slice of pizza


   Skills:
 + Level 2.2 Fighting
 + Level 8.3 Bows
 + Level 0.4 Armour
 + Level 1.6 Dodging
 + Level 0.7 Stealth


You had 4 spell levels left.
You didn't know any spells.

Dungeon Overview and Level Annotations

Branches:
Dungeon (3/15)

Altars:
Cheibriados
Xom

Annotations:
D:3 PossumBlood's ghost, amateur CeHu


Innate Abilities, Weirdness & Mutations

You have hooves in place of feet.
Armour fits poorly on your strangely shaped body.
You cover ground very quickly.
You have extremely tough skin (AC +3).


Message History

* * * LOW HITPOINT WARNING * * *
A jackal comes into view.
Firing (i - inventory):
n - 6 arrows of flame (quivered)
Press: ? - help, Shift-Dir - straight line, f - jackal
Aim: a jackal You shoot an arrow of flame.
The arrow of flame completely misses the jackal.
The jackal bites you but does no damage.
PossumBlood's ghost hits you but does no damage.
Firing (i - inventory):
n - 5 arrows of flame (quivered)
Press: ? - help, Shift-Dir - straight line, f/p - jackal
Aim: a jackal You shoot an arrow of flame.
The arrow of flame hits the jackal but does no damage.
The arrow of flame burns the jackal.
The jackal is moderately wounded.
The jackal barely misses you.
PossumBlood's ghost says, "Do you have an apple?
I have a shot I want to try."
PossumBlood's ghost hits you.
You die...

######...##
.((.......# #.(.#
###(##.$..# ...
#.....%..# [..
........## .%.
#.#o####.# #.#
#.#o# .# #h# #.#o#
#h# #.#.# #@#
#.#.# #W# #.#o####
#.# #.#....# #.#
#.####o#########o#
..# #...o...(...#
### #############


You could see PossumBlood's ghost, an orc and 2 jackals.

Vanquished Creatures
  A giant frog (Sewer)
  3 adders
  A river rat (D:3)
  3 oozes
  A worm (D:2)
  2 ball pythons
  5 goblins
  9 hobgoblins
  6 jackals
  6 kobolds
  12 bats
  13 giant cockroaches
  3 giant geckos
  5 giant newts
  9 rats
79 creatures vanquished.

Notes
Turn   | Place    | Note
--------------------------------------------------------------
     0 | D:1      | PossumBlood the Centaur Hunter began the quest for the Orb.
     0 | D:1      | Reached XP level 1. HP: 17/17 MP: 1/1
   185 | D:1      | Reached XP level 2. HP: 24/24 MP: 2/2
   288 | D:1      | Reached skill level 6 in Bows
   651 | D:1      | Reached XP level 3. HP: 29/29 MP: 3/3
  1078 | D:2      | Found a snail-covered altar of Cheibriados.
  1078 | D:2      | Found a shimmering altar of Xom.
  1210 | D:2      | Reached skill level 7 in Bows
  1384 | D:2      | Reached XP level 4. HP: 34/36 MP: 4/4
  1673 | D:3      | Found a glowing drain.
  1727 | Sewer    | Entered a sewer
  1885 | Sewer    | Noticed a giant frog
  1893 | Sewer    | Killed a giant frog
  1893 | Sewer    | Reached skill level 8 in Bows
  1893 | Sewer    | Reached XP level 5. HP: 15/41 MP: 5/5
  2484 | D:3      | Noticed PossumBlood's ghost (amateur CeHu)
  2522 | D:3      | HP: 1/41 [PossumBlood's ghost (5)]
  2524 | D:3      | Slain by PossumBlood's ghost

Action                   |  1- 3 |  4- 6 || total
-------------------------+-------+-------++-------
Melee: Dagger            |     1 |       ||     1
 Fire: Shortbow          |   147 |   105 ||   252
  Use: Scroll            |     4 |     1 ||     5
  Eat: Bread ration      |       |     1 ||     1
